 Dungeon Crawl Stone Soup version 0.32-a0-814-g0968bab981 (webtiles) character file.

Game seed: 7745657971714542345

5964 gimp the Thaumaturge (level 10, 0/74 HPs)
             Began as a Barachi Earth Elementalist on Mar 23, 2024.
             Was a Priest of Vehumet.
             Slain by a killer bee (12 damage)
             ... on level 9 of the Dungeon.
             The game lasted 00:17:27 (8887 turns).

gimp the Thaumaturge (Barachi Earth Elementalist)   Turns: 8887, Time: 00:17:27

Health: 0/74       AC:  3    Str:  9    XL:     10   Next: 84%
Magic:  12/24      EV: 18    Int: 21    God:    Vehumet [***...]
Gold:   342        SH:  0    Dex: 14    Spells: 23/30 levels left

rFire   + + .        A - +10 hand axe of Lust {venom, rF++ Dex+2 Stlth-}
rCold   . . .        (no shield)
rNeg    . . .        a - +1 robe
rPois   +            (no helmet)
rElec   .            v - scarf {repulsion}
rCorr   .            (no gloves)
SInv    .            (no boots)
Will    .....        f - amulet of magic regeneration
Stlth   +            C - ring of poison resistance
HPRegen 0.32/turn    B - +5 ring of evasion
MPRegen 0.59/turn

%: repel missiles
@: lethally poisoned (0 -> -2), unable to hop, slow
A: amphibious, slowness 1, strong legs 1, +LOS
a: Hop, Renounce Religion


You were on level 9 of the Dungeon.
You worshipped Vehumet.
Vehumet was most pleased with you.
You visited 2 branches of the dungeon, and saw 11 of its levels.
You also visited: Bailey.

You collected 342 gold pieces.

Inventory:

Hand Weapons
 A - the +10 hand axe of Lust (weapon) {venom, rF++ Dex+2 Stlth-}
   (You found it on level 7 of the Dungeon)

   Dex+2:     It affects your dexterity (+2).
   rF++:      It greatly protects you from fire.
   Stlth-:    It makes you less stealthy.
 E - a +7 short sword of protection
Missiles
 n - 2 throwing nets
Armour
 a - a +1 robe (worn)
 v - a scarf of repulsion (worn)
Jewellery
 f - an amulet of magic regeneration (around neck)
 o - a ring of protection from cold
 B - a +5 ring of evasion (right hand)
 C - a ring of poison resistance (left hand)
Wands
 y - a wand of polymorph (7)
 D - a wand of mindburst (5)
 F - a wand of acid (3)
 G - a wand of iceblast (1)
Scrolls
 c - 2 scrolls of fog
 d - 6 scrolls of teleportation
 h - a scroll of poison
 j - 4 scrolls of fear
 k - 3 scrolls of enchant armour
Potions
 b - 5 potions of magic
 e - 10 potions of curing
 g - 3 potions of resistance {unknown}
 i - a potion of heal wounds
 l - 2 potions of attraction
 m - 2 potions of berserk rage
 q - 2 potions of might
 r - 4 potions of invisibility
 s - 4 potions of haste
 t - a potion of lignification
 u - 4 potions of brilliance
 x - a potion of mutation


   Skills:
 - Level 5.0 Fighting
 + Level 6.0 Dodging
 - Level 1.7 Stealth
 * Level 10.8 Spellcasting
 - Level 10.0 Conjurations
 - Level 5.0 Earth Magic


You had 23 spell levels left.
You knew the following spells:

 Your Spells              Type           Power      Damage    Failure   Level
a - Stone Arrow           Conj/Erth      84%        3d12      1%          3
b - Sandblast             Erth           64%        2d14      1%          1
c - Passwall              Erth           32%        N/A       2%          3

Your spell library contained the following spells:

 Spells                   Type           Power      Damage    Failure   Level
 Dazzling Flash           Conj/Hex       64%        N/A       1%          3
 Kiss of Death            Conj/Necr      100%       2d13      1%          1
 Brom's Barrelling Bould  Conj/Erth      42%        2d6       1%          4
 Frozen Ramparts          Ice            22%        1d4       5%          3
 Ignite Poison            Fire/Alch      11%        N/A       16%         4
 Confusing Touch          Hex            11%        N/A       19%         3
 Ozocubu's Armour         Ice            11%        N/A       19%         3
 Petrify                  Alch/Erth      21%        N/A       22%         4
 Dispel Undead            Necr           11%        3d9       52%         4
 Summon Blazeheart Golem  Fire/Summ      11%        N/A       52%         4
 Summon Lightning Spire   Summ/Air       11%        N/A       52%         4
 Vhi's Electric Charge    Tloc/Air       22%        N/A       52%         4
 Metabolic Englaciation   Hex/Ice        5%         N/A       86%         5


Dungeon Overview and Level Annotations

Branches:
Dungeon (10/15)            Temple (1/1) D:6            Lair (0/5) D:10
    Orc (0/2) D:9          Bailey (visited)

Altars:
Ashenzari
Cheibriados
Dithmenos
Elyvilon
Fedhas
Gozag
Hepliaklqana
Makhleb
Nemelex Xobeh
Okawaru
Qazlal
Ru
Sif Muna
Trog
Uskayaw
Vehumet
Xom
Yredelemnul
Zin
The Shining One

Shops:
D:8 *

Annotations:
D:5 Duvessa, Sigmund


Innate Abilities, Weirdness & Mutations

You are amphibious.
You cover ground slowly.
You can hop short distances.
You have an extended range of vision and can be seen from far away.


Message History

A killer bee comes into view.
A queen bee comes into view.
You now have 21/24 mp.
Casting: Stone Arrow (safe; 1% risk of failure)
Confirm with . or Enter, or press ? or * to list all spells.
Aiming: Stone Arrow (safe; 1% risk of failure)
Press: ? - help, Shift-Dir - straight line, f - killer bee
Aim: a killer bee (51% to hit)
The stone arrow hits the killer bee!!
You kill the killer bee!
Vehumet accepts your kill.
You feel your power returning. The killer bee barely misses you.
The queen bee calls on the killer bee to defend it!
The killer bee goes berserk!
The queen bee calls on the killer bee to defend it!
The killer bee goes berserk!
You now have 20/24 mp.
Casting: Stone Arrow (safe; 1% risk of failure)
Confirm with . or Enter, or press ? or * to list all spells.
Aiming: Stone Arrow (safe; 1% risk of failure)
Press: ? - help, Shift-Dir - straight line, f - killer bee
Aim: a killer bee (berserk, 51% to hit)
The stone arrow misses the killer bee.
The killer bee rages.
The killer bee closely misses you.
The killer bee stings you but does no damage.
The killer bee rages.
The killer bee barely misses you.
You now have 17/24 mp.
Casting: Stone Arrow (safe; 1% risk of failure)
Confirm with . or Enter, or press ? or * to list all spells.
Aiming: Stone Arrow (safe; 1% risk of failure)
Press: ? - help, Shift-Dir - straight line, f/p - killer bee
Aim: a killer bee (berserk, 51% to hit)
The stone arrow misses the killer bee.
The killer bee completely misses you. The killer bee misses you.
The killer bee stings you!
You take 7 damage, and have 67/74 hp.
You now have 15/24 mp.
Casting: Stone Arrow (safe; 1% risk of failure)
Confirm with . or Enter, or press ? or * to list all spells.
Aiming: Stone Arrow (safe; 1% risk of failure)
Press: ? - help, Shift-Dir - straight line, f/p - killer bee
Aim: a killer bee (berserk, 51% to hit)
The stone arrow hits the killer bee!!
The killer bee is almost dead.
The killer bee stings you! The killer bee closely misses you.
The killer bee rages. x2
The killer bee closely misses you.
You take 11 damage, and have 56/74 hp.
You now have 13/24 mp.
Hop to where?
Press: ? - help, Dir - move target, p - killer bee Boing!
The killer bee rages. x2
The killer bee stings you.
The killer bee rages.
The killer bee closely misses you. The killer bee misses you.
There is a stone staircase leading up, spattered with blood here.
You take 5 damage, and have 52/74 hp.
Casting: Stone Arrow (safe; 1% risk of failure)
Confirm with . or Enter, or press ? or * to list all spells.
Aiming: Stone Arrow (safe; 1% risk of failure)
Press: ? - help, Shift-Dir - straight line, f - killer bee
Aim: a killer bee (berserk, 51% to hit)
The stone arrow hits the killer bee!!
The killer bee is almost dead.
The killer bee stings you! The killer bee closely misses you. x2
The killer bee misses you. The killer bee stings you.
The killer bee stings you!
You take 26 damage, and have 26/74 hp.
MASSIVE DAMAGE!!
You now have 12/24 mp.
The killer bee stings you!
* * * LOW HITPOINT WARNING * * *
You are poisoned.
The killer bee poisons you! The killer bee closely misses you.
The killer bee stings you.
* * * LOW HITPOINT WARNING * * *
The killer bee misses you. The killer bee closely misses you.
The killer bee misses you. The killer bee stings you.
* * * LOW HITPOINT WARNING * * *
You climb upwards.
You feel sick.
There is a stone staircase leading down here.
You take 13 damage, and have 13/74 hp.
You regained 2 mp, and now have 14/24 mp.
Unknown command.
Okay, then.
Press: ? - help, v - describe, . - travel, g - get item
Here: a killer bee (almost dead, berserk) Item here: a killer bee corpse.
The floor.
Casting: Stone Arrow (safe; 1% risk of failure)
Confirm with . or Enter, or press ? or * to list all spells.
Okay, then.
Unknown command.
Casting: Stone Arrow (safe; 1% risk of failure)
Confirm with . or Enter, or press ? or * to list all spells.
Aiming: Stone Arrow (safe; 1% risk of failure)
Press: ? - help, Shift-Dir - straight line, f - killer bee
Aim: a killer bee (almost dead, berserk, 51% to hit)
The stone arrow hits the killer bee!
You kill the killer bee!
Vehumet accepts your kill.
You feel your power returning.
You feel sick. The killer bee stings you!
You die...

........)(..#......#.............
..........(.#......#.............
####........#......#.............
#........#(.....#.............
#........#......#.............
#........#......#.............
####........#+######.............
....########...†...##############
....#......#...†@..#.......#....>
....#......#....†y.#.......#.....
....'......#.......#.......'.....
....#..............#...##..###...
#########################'####...
#......... #......... #.........
##########


You could see a killer bee (berserk).

Vanquished Creatures
  A two-headed ogre (D:9)
  A hornet (D:7)
  Prince Ribbit (D:5)
  A wraith (D:10)
  4 yaks
  A wyvern (D:7)
  2 steam dragons
  Grum (D:9)
  Menkaure (D:5)
  4 water moccasins
  2 ice beasts
  4 orc warriors
  A sky beast (D:8)
  2 wolves (D:9)
  A centaur (D:6)
  A kobold brigand (D:9)
  A phantom (D:4)
  3 bullfrogs
  Dowan (D:5)
  3 wights (D:8)
  15 killer bees
  A howler monkey (D:7)
  2 bombardier beetles
  2 gnoll boudas
  2 hounds (D:4)
  2 orc priests
  2 iguanas
  6 sleepcaps
  6 orc wizards
  24 gnolls
  6 adders
  A shadow imp (D:7)
  4 white imps
  2 ufetubi (D:6)
  3 ribbon worms
  42 orcs
  6 endoplasms
  5 giant cockroaches
  10 goblins
  4 hobgoblins
  5 jackals
  4 quokkas
  9 ball pythons
  4 bats
  3 frilled lizards (D:1)
  13 kobolds
  7 rats
226 creatures vanquished.

Notes
Turn   | Place    | Note
-------+----------+-------------------------------------------
     0 | D:1      | gimp the Barachi Earth Elementalist began the quest for the
                  | Orb.
     0 | D:1      | Reached XP level 1. HP: 13/13 MP: 3/3
   320 | D:1      | Reached XP level 2. HP: 12/19 MP: 1/5
   504 | D:1      | Got the Parchment of Nephomancy and Accelerants
   583 | D:1      | Found a faded altar of an unknown god.
   939 | D:2      | Reached XP level 3. HP: 24/24 MP: 4/6
  1255 | D:2      | Reached XP level 4. HP: 13/30 MP: 4/8
  1267 | D:2      | Learned a level 3 spell: Stone Arrow
  1271 | D:2      | Learned a level 3 spell: Passwall
  1856 | D:3      | Reached XP level 5. HP: 35/35 MP: 7/9
  1932 | D:3      | Found an opulent altar of Gozag.
  1961 | D:3      | Found a glowing silver altar of Zin.
  2764 | D:4      | Noticed a phantom
  2768 | D:4      | Killed a phantom
  2769 | D:4      | Reached XP level 6. HP: 41/41 MP: 2/11
  2979 | D:4      | Reached skill level 5 in Conjurations
  3465 | D:5      | Entered Level 5 of the Dungeon
  3659 | D:5      | Noticed Prince Ribbit
  3671 | D:5      | Killed Prince Ribbit
  3672 | D:5      | Reached XP level 7. HP: 22/46 MP: 3/13
  3821 | D:5      | Noticed Sigmund
  3843 | D:5      | Noticed Menkaure
  4083 | D:5      | Killed Menkaure
  4084 | D:5      | Reached skill level 5 in Earth Magic
  4218 | D:5      | Noticed Dowan
  4237 | D:5      | Killed Dowan
  4238 | D:5      | Reached XP level 8. HP: 31/53 MP: 2/15
  4345 | D:5      | Reached skill level 1 in Fighting
  4345 | D:5      | Reached skill level 5 in Spellcasting
  4351 | D:5      | Noticed Duvessa
  4562 | D:6      | Found a staircase to the Ecumenical Temple.
  4562 | D:6      | Found a hazy altar of Hepliaklqana.
  4576 | Temple   | Entered the Ecumenical Temple
  4593 | Temple   | Became a worshipper of Vehumet
  4612 | D:6      | Found a broken altar of Ashenzari.
  4614 | D:6      | Found a shimmering blue altar of Sif Muna.
  5255 | D:7      | Identified the +10 hand axe of Lust {venom, rF++ Dex+2
                  | Stlth-}
  5276 | D:7      | Reached XP level 9. HP: 64/64 MP: 9/18
  5758 | D:7      | Reached * piety under Vehumet
  5758 | D:7      | Offered knowledge of Magic Dart by Vehumet.
  6054 | D:7      | Noticed Joseph
  6055 | D:7      | Joseph changed into Joseph the hornet
  6055 | D:7      | Noticed Joseph
  6062 | D:7      | Killed Joseph the hornet
  6675 | D:8      | Found Rocemor's Neck Hole.
  6705 | D:8      | Reached skill level 5 in Fighting
  6828 | D:8      | Reached skill level 10 in Conjurations
  7233 | D:8      | Found a white marble altar of Elyvilon.
  7342 | D:8      | Reached XP level 10. HP: 59/74 MP: 15/22
  7376 | D:9      | Reached ** piety under Vehumet
  7376 | D:9      | Offered knowledge of Freeze by Vehumet.
  7417 | D:9      | Found a staircase to the Orcish Mines.
  7494 | D:9      | Found a flagged portal.
  7525 | Bailey   | Entered a bailey
  8029 | D:9      | Noticed a two-headed ogre
  8034 | D:9      | Killed a two-headed ogre
  8035 | D:9      | Reached skill level 5 in Dodging
  8035 | D:9      | Reached skill level 10 in Spellcasting
  8116 | D:9      | Found a stormy altar of Qazlal.
  8241 | D:9      | Noticed Grum
  8246 | D:9      | Killed Grum
  8397 | D:9      | Offered knowledge of Dazzling Flash by Vehumet.
  8737 | D:10     | Entered Level 10 of the Dungeon
  8737 | D:10     | Found a staircase to the Lair.
  8777 | D:9      | Reached *** piety under Vehumet
  8887 | D:9      | Slain by a killer bee

Illustrated notes

Levels and vault maps discovered:
D:1:      amcnicky_arrival_wind_blow, layout_basic, basic_ecumenical_altar
D:2:      layout_basic
D:3:      layout_loops_corners, lemuel_doored_altar,
          nicolae_overflow_crystal_walls
D:4:      layout_basic
D:5:      layout_loops_ring, serial_shops, nicolae_shop_rolled_up, uniq_pikel,
          uniq_prince_ribbit1, uniq_menkaure, uniq_sigmund, uniq_duvessa
D:6:      layout_cave_pools, grunt_temple_overflow_open,
          minmay_temple_entry_trees
D:7:      layout_layer_cave, serial_library_hellmonk_junction, uniq_joseph
D:8:      layout_rooms, lemuel_tele_altar, nrook_mini_backslash,
          nicolae_shop_sticking_my_neck_out
D:9:      layout_gridville, mainiacjoe_overflow_catwalk, orc_0_dummy,
          enter_bailey_5, uniq_grum
D:10:     layout_gridville, mainiacjoe_overflow_24_doors,
          lemuel_zombie_altar_kikubaaqudgha, david_lair_shrubbed,
          hangedman_decor_riveting, minivault_7
Temple:   nicolae_temple_figure_eight

Skill      XL: |  1  2  3  4  5  6  7  8  9 10 |
---------------+-------------------------------+-----
Conjurations   | 2 3 4 6 8 10 | 10.0
Spellcasting   | 3 4 6 8 10 | 10.8
Earth Magic    | 4 5 |  5.0
Fighting       | 3 5 |  5.0
Dodging        | 3 6 |  6.0
Stealth        | |  1.7

Action                     |  1- 3 |  4- 6 |  7- 9 | 10-12 || total
---------------------------+-------+-------+-------+-------++-------
  Melee: Unarmed           |       |     3 |     6 |       ||     9
         Hand axe          |       |       |       |     1 ||     1
   Cast: Sandblast         |    47 |    53 |     8 |       ||   108
         Stone Arrow       |       |    36 |   126 |   106 ||   268
         Passwall          |       |       |     1 |       ||     1
Ability: Hop               |     1 |     2 |     2 |     2 ||     7
  Evoke: Wand              |       |       |     2 |       ||     2
    Use: Scroll            |       |       |    19 |     1 ||    20
 Armour: Robe              |    11 |    23 |    48 |    38 ||   120
  Dodge: Dodged            |     9 |    20 |    79 |    71 ||   179
         Repelled          |       |       |     1 |     3 ||     4

Table legend: (Time is in decaauts)
 A = Elapsed time spent in this place.
 B = Non-inter-level travel time spent in this place.
 C = Inter-level travel time spent in this place.
 D = Time resting spent in this place.
 E = Time spent auto-exploring this place.
 F = Levels seen in this place.
 G = Mean time per level.
                   A        B        C        D        E       F      G
               +--------+--------+--------+--------+--------+-----+--------+
         Total |  10181 |   9702 |    479 |     13 |   7980 |  12 |  848.4 |
       Dungeon |   9740 |   9296 |    444 |     13 |   7758 |  10 |  974.0 |
        Temple |     38 |      3 |     35 |      0 |      0 |   1 |   38.0 |
        Bailey |    402 |    402 |      0 |      0 |    222 |   1 |  402.0 |
               +--------+--------+--------+--------+--------+-----+--------+

Top non-repeatable levels by time:
     D:7: 1704 daAuts
     D:9: 1332 daAuts
     D:3: 1111 daAuts
     D:1: 1099 daAuts
     D:2: 1044 daAuts
     D:4: 1043 daAuts
     D:6: 812 daAuts
     D:5: 773 daAuts
     D:8: 771 daAuts
  Bailey: 402 daAuts
    D:10: 49 daAuts
  Temple: 38 daAuts
